 Dungeon Crawl Stone Soup version 0.26-a0-154-g3d63440f56 (webtiles) character file.

Game seed: 15550134070363499454

18 Gargoyl the Skirmisher (level 2, -2/26 HPs)
             Began as a Centaur Abyssal Knight on July 1, 2020.
             Was a Follower of Lugonu.
             Succumbed to a kobold's poison
             ... on level 1 of the Dungeon.
             The game lasted 00:00:53 (632 turns).

Gargoyl the Skirmisher (Centaur Abyssal Knight)      Turns: 632, Time: 00:00:53

Health: -2/26      AC:  4    Str: 14    XL:     2   Next: 48%
Magic:  3/3        EV:  9    Int: 11    God:    Lugonu [*.....]
Gold:   46         SH:  0    Dex:  8    Spells: 1/1 levels left

rFire    . . .     SeeInvis .   a - +1 hand axe
rCold    . . .     Faith    .   (no shield)
rNeg     . . .     Spirit   .   b - +0 leather armour
rPois    .         Reflect  .   (no helmet)
rElec    .         Harm     .   (no cloak)
rCorr    .                      (no gloves)
MR       .....                  (no barding)
Stlth    ..........             (no amulet)
HPRegen  0.08/turn              (no ring)
MPRegen  0.08/turn              (no ring)

@: lethally poisoned (-2 -> -51), very quick
A: large, hooves 3, deformed body, speed 2, tough skin 3
a: Depart the Abyss, Renounce Religion


You were on level 1 of the Dungeon.
You worshipped Lugonu.
Lugonu was aware of your devotion.
You were not hungry.

You visited 1 branch of the dungeon, and saw 1 of its levels.
You visited the Abyss 1 time.

You collected 46 gold pieces.

Inventory:

Hand Weapons
 a - a +1 hand axe (weapon)
Armour
 b - a +0 leather armour (worn)
Scrolls
 f - a scroll of identify {unknown}
 g - a scroll of teleportation {unknown}
 h - a scroll of noise {unknown}
 i - a scroll of amnesia {unknown}
 j - a scroll of magic mapping {unknown}
 m - a scroll of remove curse {unknown}
Potions
 d - a potion of heal wounds
 e - a potion of invisibility
 k - 2 potions of berserk rage {unknown}
Comestibles
 c - 4 rations
 l - 5 chunks of flesh


   Skills:
 + Level 3.3 Fighting
 + Level 2.0 Axes
 * Level 1.5 Armour
 * Level 0.8 Dodging
 * Level 2.3 Invocations


You had one spell level left.
You didn't know any spells.
Your spell library was empty.

Dungeon Overview and Level Annotations

Branches:
Dungeon (1/15)

Altars:


Innate Abilities, Weirdness & Mutations

You have hooves in place of feet.
Armour fits poorly on your strangely shaped body.
You cover ground very quickly.
You have extremely tough skin. (AC +3)


Message History

You are more poisoned.
You closely miss the kobold.
You feel very sick. The kobold closely misses you.
You miss the kobold.
You feel very sick. The kobold completely misses you.
The kobold hits you but does no damage.
You are more poisoned.
You closely miss the kobold. Your kick misses the kobold.
* * * LOW HITPOINT WARNING * * *
You feel very sick. The kobold barely misses you.
You closely miss the kobold.
* * * LOW HITPOINT WARNING * * *
You feel very sick. The kobold barely misses you.
You hit the kobold.
You kill the kobold!
Lugonu accepts your kill.
You die...

#..#......#......#..#
#.#......#.#......#.#
##......#..........##
#########.##########
..#....#..........#
#.#.##.#.########.#
#.#.##...# #..
#.#(###### ##) #)@.#
#. ##### #. #. #. ##


There were no monsters in sight!

Vanquished Creatures
  A dart slug (D:1)
  4 goblins (D:1)
  A hobgoblin (D:1)
  4 bats (D:1)
  A frilled lizard (D:1)
  3 kobolds (D:1)
  2 rats (D:1)
16 creatures vanquished.

Vanquished Creatures (others)
  2 starspawn tentacles (Abyss:1)
2 creatures vanquished.

Grand Total: 18 creatures vanquished

Notes
Turn   | Place    | Note
-------+----------+-------------------------------------------
     0 | Abyss:1  | Gargoyl the Centaur Abyssal Knight began the quest for the
                  | Orb.
     0 | Abyss:1  | Reached XP level 1. HP: 19/19 MP: 2/2
    46 | Abyss:1  | Noticed a small abomination
    54 | Abyss:1  | Noticed a tentacled starspawn
    86 | Abyss:3  | Noticed a large abomination
    86 | Abyss:3  | Noticed a neqoxec
   102 | Abyss:3  | Found a hazy altar of Hepliaklqana.
   104 | Abyss:3  | Noticed a raiju
   107 | Abyss:3  | Noticed a raiju
   109 | D:1      | Escaped the Abyss
   228 | D:1      | Reached * piety under Lugonu
   319 | D:1      | Reached XP level 2. HP: 19/26 MP: 3/3
   632 | D:1      | Succumbed to a kobold's poison

Illustrated notes

Levels and vault maps discovered:
D:1:      matt_arrival_diagonals, layout_basic, minmay_unequal

Skill      XL: |  1  2 |
---------------+-------+-----
Axes           | 2 |  2.0
Fighting       | |  3.3
Armour         | |  1.5
Dodging        | |  0.8
Invocations    | |  2.3

Action                   || total
-------------------------++-------
Melee: Hand axe          ||    44
       Kick              ||     4
Invok: Depart the Abyss  ||     1
  Use: Potion            ||     3
Armor: Leather armour    ||    21
Dodge: Dodged            ||    28

Table legend:
 A = Non-vault XP
 B = Vault XP
 C = Vault XP percentage of total XP
 D = Non-vault monster count
 E = Vault monster count
 F = Vault count percentage of total count
                 A         B        C        D         E       F
            +---------+---------+-------+---------+---------+-------
      Total |      19 |       7 |  26.9 |      12 |       4 |  25.0
            +---------+---------+-------+---------+---------+-------
        D:1 |      19 |       7 |  26.9 |      12 |       4 |  25.0
            +---------+---------+-------+---------+---------+-------
